 Dungeon Crawl Stone Soup version 0.28.0 (webtiles) character file.

Game seed: 13661233853622267879

6722 shoop the Covert (level 11, -9/69 HPs)
             Began as a Kobold Berserker on Feb 13, 2022.
             Was an Elder of Trog.
             Killed by divine providence
             ... invoked by an orc priest
              (15 damage)
             ... on level 10 of the Dungeon.
             The game lasted 00:18:48 (11534 turns).

shoop the Covert (Kobold Berserker)                Turns: 11534, Time: 00:18:50

Health: -9/69      AC: 19    Str: 17    XL:     11   Next: 23%
Magic:  11/11      EV: 18    Int:  8    God:    Trog [****..]
Gold:   519        SH:  5    Dex: 17    Spells: 10/10 levels left

rFire   + . .      SeeInvis .   M - +2 dagger (venom)
rCold   . . .      Faith    .   (no shield)
rNeg    . . .      Spirit   .   H - +3 ring mail {rF+}
rPois   .          Reflect  +   E - +2 helmet
rElec   .          Harm     .   J - +0 cloak
rCorr   +          Rampage  .   D - +0 pair of gloves
Will    .....                   K - +0 pair of boots
Stlth   +++++.....              e - amulet of reflection
HPRegen 0.21/turn               h - ring of resist corrosion
MPRegen 0.12/turn               A - +4 ring of protection

@: weak-willed, on berserk cooldown, slowed, very slow
A: small, no large weapons, nightstalker 3
a: Renounce Religion, Berserk, Trog's Hand, Brothers in Arms


You were on level 10 of the Dungeon.
You worshipped Trog.
Trog was greatly pleased with you.
You visited 1 branch of the dungeon, and saw 10 of its levels.
You also visited: Ossuary.

You collected 519 gold pieces.

Inventory:

Hand Weapons
 a - a +0 short sword
 r - a +0 dagger of draining
 x - a +1 war axe of venom
 M - a +2 dagger of venom (weapon)
Armour
 b - a +0 animal skin
 D - a +0 pair of gloves (worn)
 E - a +2 helmet (worn)
 F - +0 steam dragon scales
 H - a +3 ring mail of fire resistance (worn)
 J - a +0 cloak (worn)
 K - a +0 pair of boots (worn)
Jewellery
 e - an amulet of reflection (around neck)
 h - a ring of resist corrosion (left hand)
 i - an amulet of magic regeneration
 A - a +4 ring of protection (right hand)
Wands
 v - a wand of iceblast (8)
 y - a wand of mindburst (10)
 B - a wand of flame (16)
 L - a wand of digging (4)
Scrolls
 c - 5 scrolls of identify
 d - 3 scrolls of enchant armour
 f - 3 scrolls of amnesia
 k - a scroll of blinking {unknown}
 l - 2 scrolls of vulnerability
 o - 3 scrolls of fog {unknown}
 p - 2 scrolls of teleportation {unknown}
 q - 3 scrolls of torment
 s - a scroll of noise {unknown}
 t - 2 scrolls of summoning {unknown}
 u - a scroll of magic mapping {unknown}
 C - 4 scrolls of immolation {unknown}
 G - a scroll of fear {unknown}
Potions
 g - 2 potions of haste {unknown}
 j - 5 potions of curing
 m - 3 potions of lignification {unknown}
 n - 2 potions of flight {unknown}
 w - 3 potions of heal wounds {unknown}
 z - a potion of mutation {unknown}
 I - a potion of invisibility {unknown}


   Skills:
 + Level 8.6 Fighting
 - Level 10.0 Short Blades
 + Level 4.3 Armour
 + Level 9.0 Dodging
 + Level 10.3 Stealth
 + Level 7.7 Evocations


You had 10 spell levels left.
You didn't know any spells.
Your spell library was empty.

Dungeon Overview and Level Annotations

Branches:
Dungeon (10/15)            Temple (0/1) D:6            Lair (0/6) D:8
Ossuary (visited)
    Orc: D:9-12

Altars:
Ashenzari
Cheibriados
Fedhas
Gozag
Hepliaklqana
Okawaru
Trog
Xom
Zin

Shops:
D:1 *   D:9 ((

Annotations:
D:9 exclusions: centaur and gargoyle, Psyche


Innate Abilities, Weirdness & Mutations

You are small and have problems with some larger weapons.
You are completely attuned to the shadows.


Message History

The orc warrior hits your ogre with a +0 halberd!!
Your ogre dies!
Your ogre's corpse disappears in a puff of smoke!
You hit the human.
The human is severely wounded.
The orc warrior closely misses you. The human hits you with a +0 dagger.
* * * LOW HITPOINT WARNING * * *
The human closely misses you.
The orc priest calls down the wrath of Beogh upon you.
Beogh smites you!
* * * LOW HITPOINT WARNING * * *
Okay, then.
As you read the scroll labelled OXTOOXAAQUG, it crumbles to dust.
It is a scroll of enchant armour.
Your +2 ring mail of fire resistance glows green for a moment.
The human misses you. The orc warrior closely misses you.
As you read the scroll labelled WECHUCZ OCYLI, it crumbles to dust.
It is a scroll of amnesia.
You feel forgetful for a moment. The human hits you but does no damage.
An orc comes into view. It is wielding a +0 hand axe.
The orc warrior misses you. The human hits you but does no damage.
As you read the scroll labelled LAYSIO TUGRAIGIYSK, it crumbles to dust.
It is a scroll of identify.
q - 3 scrolls of torment The orc warrior hits you but does no damage.
The human hits you with a +0 dagger.
* * * LOW HITPOINT WARNING * * *
The orc warrior hits you but does no damage.
Okay, then.
You feel better. The human hits you but does no damage.
The orc warrior hits you but does no damage.
The human hits you but does no damage.
As you read the scroll labelled IHUYSE ZERUTT, it crumbles to dust.
Magic quickly surges around you.
It was a scroll of vulnerability.
The orc warrior barely misses you. The human hits you with a +0 dagger.
* * * LOW HITPOINT WARNING * * *
The orc warrior barely misses you.
The orc priest invokes the aid of Beogh against you.
Beogh smites you!
You die...

######### #####.......#
#######...........#
#....##...........#
#....##...........#
#....##...........# ##########
#.................#
#.........##....##...........#
#.........####@###...........#
#.....>...# #p#######.......#
#.........# #o##.......######
###.........# #o##.#######
.##.........####o........#
.##.........#............#
.#.........[...).........#
.........................#
.........##..............#


You could see a human (weak-willed), an orc warrior (weak-willed), an orc priest
(weak-willed) and an orc (weak-willed).

Vanquished Creatures
  A hornet (D:10)
  A vampire (D:9)
  6 yaks (D:8)
  Eustachio (D:4)
  3 steam dragons
  4 vampire mosquitoes (D:10)
  Menkaure (D:6)
  2 water moccasins (D:8)
  A sky beast (D:6)
  4 black bears
  An ice beast (D:7)
  5 orc warriors
  4 necrophages
  2 ogres
  2 centaurs (D:9)
  A phantom (D:6)
  3 kobold brigands
  An elf zombie (Ossuary)
  6 bullfrogs
  5 scorpions
  7 wights (D:9)
  6 electric eels (D:6)
  3 centaur zombies
  2 hounds
  A jelly (D:5)
  3 orc priests
  2 centaur skeletons
  A human zombie (Ossuary)
  A bullfrog skeleton (D:6)
  4 iguanas
  6 orc wizards
  2 mummies (Ossuary)
  A howler monkey zombie (D:9)
  A howler monkey skeleton (D:7)
  6 gnolls
  4 adders
  A white imp (D:7)
  A worm (D:4)
  A dart slug (D:4)
  26 orcs
  A ball python (D:2)
  7 bats
  12 endoplasms
  2 giant cockroaches (D:2)
  4 goblins
  8 hobgoblins
  6 jackals
  4 quokkas
  4 frilled lizards
  3 goblin zombies (Ossuary)
  12 hobgoblin zombies (Ossuary)
  A jackal zombie (Ossuary)
  23 kobolds
  11 kobold zombies (Ossuary)
  7 orc zombies (Ossuary)
  5 rats
243 creatures vanquished.

Vanquished Creatures (collateral kills)
  An orc priest (D:10)
1 creature vanquished.

Vanquished Creatures (others)
  41 fungi (D:8)
  57 plants
98 creatures vanquished.

Grand Total: 342 creatures vanquished

Notes
Turn   | Place    | Note
-------+----------+-------------------------------------------
     0 | D:1      | shoop the Kobold Berserker began the quest for the Orb.
     0 | D:1      | Reached XP level 1. HP: 14/14 MP: 1/1
   338 | D:1      | Reached XP level 2. HP: 8/19 MP: 2/2
   560 | D:1      | Found Soim's Assorted Antiques.
   575 | D:1      | Reached skill level 1 in Stealth
   978 | D:1      | Reached XP level 3. HP: 18/23 MP: 3/3
  1245 | D:1      | Reached ** piety under Trog
  1642 | D:2      | Found a faded altar of an unknown god.
  1785 | D:2      | Found a snail-covered altar of Cheibriados.
  1800 | D:2      | Reached XP level 4. HP: 29/29 MP: 4/4
  1922 | D:2      | Reached skill level 5 in Short Blades
  2337 | D:3      | Noticed a black bear
  2743 | D:3      | Reached XP level 5. HP: 33/33 MP: 5/5
  2807 | D:3      | Killed a black bear
  2808 | D:3      | Reached XP level 6. HP: 35/38 MP: 6/6
  3503 | D:4      | Noticed Eustachio
  3509 | D:4      | Killed Eustachio
  3510 | D:4      | Reached XP level 7. HP: 39/44 MP: 7/7
  3521 | D:4      | Found a sand-covered staircase.
  3544 | Ossuary  | Entered an ossuary
  3568 | Ossuary  | Reached *** piety under Trog
  4278 | Ossuary  | Reached skill level 1 in Evocations
  4544 | Ossuary  | Reached skill level 5 in Fighting
  4765 | D:4      | Reached XP level 8. HP: 49/49 MP: 8/8
  5149 | D:4      | Reached skill level 5 in Stealth
  5510 | D:5      | Entered Level 5 of the Dungeon
  5978 | D:5      | Reached skill level 5 in Dodging
  6059 | D:5      | Found a broken altar of Ashenzari.
  6285 | D:5      | Found a blossoming altar of Fedhas.
  6288 | D:5      | Found a hazy altar of Hepliaklqana.
  6290 | D:5      | Found a glowing silver altar of Zin.
  6401 | D:6      | Reached **** piety under Trog
  6686 | D:6      | Reached XP level 9. HP: 55/55 MP: 9/9
  6938 | D:6      | Noticed Menkaure
  6952 | D:6      | Killed Menkaure
  7127 | D:6      | Reached skill level 10 in Short Blades
  7447 | D:6      | Found a staircase to the Ecumenical Temple.
  7914 | D:6      | Found a bloodstained altar of Trog.
  7914 | D:6      | Found an iron altar of Okawaru.
  8034 | D:7      | Reached skill level 5 in Evocations
  8225 | D:7      | Found an opulent altar of Gozag.
  8396 | D:7      | Reached XP level 10. HP: 63/63 MP: 10/10
  9234 | D:8      | Found a staircase to the Lair.
  9919 | D:9      | Found Lohaem's Weapon Emporium.
  9967 | D:9      | Noticed Psyche
 10101 | D:9      | Noticed a gargoyle
 10243 | D:9      | Reached XP level 11. HP: 68/68 MP: 11/11
 10350 | D:9      | Found a shimmering altar of Xom.
 10618 | D:9      | Found Iptaschyd's Weapon Shoppe.
 11062 | D:10     | Entered Level 10 of the Dungeon
 11084 | D:10     | Reached skill level 10 in Stealth
 11233 | D:10     | Reached ***** piety under Trog
 11532 | D:10     | HP: 1/69 [human (6)]
 11534 | D:10     | Killed from afar by an orc priest

Illustrated notes

Levels and vault maps discovered:
D:1:      minmay_arrival_solitary_statue, layout_basic, serial_shops, shop,
          roderic_serpentine_path, minmay_misc_feat_more_columns
D:2:      layout_basic, chequers_ecumenical_altar_simple_redux, basic_altar,
          minmay_tiny_reverse_x
D:3:      layout_loops_ring, serial_shops, shop, chequers_mini_garden,
          minmay_quantized
D:4:      layout_gridville, nicolae_ossuary_entry_ruins, uniq_eustachio
D:5:      layout_loops_cross, grunt_temple_overflow_open,
          nicolae_ashenzari_panopticon
D:6:      cheibrodos_two_vegetables, layout_cave_pools,
          grunt_temple_overflow_bloody_war, minmay_temple_entry_glass,
          uniq_menkaure
D:7:      layout_rooms, grunt_gozag_breadcrumbs, lemuel_flamethrower_1
D:8:      layout_basic, due_lair_maze_entry_diamond
D:9:      layout_basic, mainiacjoe_overflow_alcove_1, serial_shops,
          nicolae_shop_bloodbath_and_beyond, nicolae_shop_behind_doors,
          grunt_ministairs_15, uniq_psyche
D:10:     layout_basic, erik_orc_4, serial_shops, nicolae_shop_hallway_plus

Skill      XL: |  1  2  3  4  5  6  7  8  9 10 11 |
---------------+----------------------------------+-----
Stealth        | 1 2 3 4 6 7 9 10 | 10.3
Dodging        | 3 4 5 7 8 9 |  9.0
Short Blades   | 5 6 7 9 10 | 10.0
Fighting       | 4 5 7 8 |  8.6
Evocations     | 1 3 5 7 |  7.7
Armour         | 2 3 4 |  4.3

Action                   |  1- 3 |  4- 6 |  7- 9 | 10-12 || total
-------------------------+-------+-------+-------+-------++-------
Melee: Short sword       |    92 |    50 |       |       ||   142
       Dagger            |       |    80 |   577 |   689 ||  1346
       Punch             |       |     1 |    14 |    21 ||    36
Invok: Berserk           |       |     2 |     7 |     3 ||    12
       Brothers in Arms  |       |       |       |     1 ||     1
Evoke: Wand              |       |       |     7 |       ||     7
  Use: Scroll            |       |       |       |     4 ||     4
       Potion            |       |       |       |     2 ||     2
 Stab: Sleeping          |    10 |    16 |    26 |    14 ||    66
       Distracted        |       |       |     1 |     2 ||     3
Armor: Animal skin       |     8 |    13 |    43 |       ||    64
       Ring mail         |       |       |    20 |   122 ||   142
       Steam dragon scal |       |       |    15 |       ||    15
Dodge: Dodged            |    68 |    91 |   213 |   288 ||   660
Block: Other             |    11 |    19 |    80 |    80 ||   190
       Reflection        |       |       |     1 |     1 ||     2
